 Dungeon Crawl Stone Soup version 0.29.0-11-gd7f09526c8 (webtiles) character file.

Game seed: 16803392199843982543

4 PhineusFerb the Firebug (level 1, 0/18 HPs)
             Began as a Human Cinder Acolyte on Sept 5, 2022.
             Was a High Priest of Ignis.
             Constricted to death by a ball python (1 damage)
             ... on level 1 of the Dungeon.
             The game lasted 00:01:13 (1347 turns).

PhineusFerb the Firebug (Human Cinder Acolyte)      Turns: 1347, Time: 00:01:14

Health: 0/18       AC:  3    Str: 14    XL:     1   Next: 77%
Magic:  2/2        EV:  8    Int: 14    God:    Ignis [*****.]
Gold:   0          SH:  0    Dex:  8    Spells: 2/2 levels left

rFire   + . .      SeeInvis .   a - -1 hand axe (flame)
rCold   . . .      Faith    .   (no shield)
rNeg    . . .      Spirit   .   b - +0 robe
rPois   .          Reflect  .   (no helmet)
rElec   .          Harm     .   (no cloak)
rCorr   .          Rampage  .   c - +0 pair of gloves
Will    .....                   (no boots)
Stlth   +.........              (no amulet)
HPRegen 0.06/turn               (no ring)
MPRegen 0.08/turn               (no ring)

@: constricted
A: no striking features
a: Renounce Religion, Fiery Armour, Foxfire Swarm, Rising Flame


You were on level 1 of the Dungeon.
You worshipped Ignis.
Ignis was extremely pleased with you.
You visited 1 branch of the dungeon, and saw 2 of its levels.

Inventory:

Hand Weapons
 a - a -1 hand axe of flaming (weapon)
 d - a +0 dagger
Armour
 b - a +0 robe (worn)
 c - a +0 pair of gloves (worn)


   Skills:
 + Level 3.0 Fighting
 + Level 3.1 Axes
 + Level 1.0 Spellcasting
 + Level 3.2 Fire Magic


You had 2 spell levels left.
You didn't know any spells.
Your spell library contained the following spells:

 Spells                   Type           Power      Damage    Failure   Level
 Scorch                   Fire           18%        2d6       11%         2


Dungeon Overview and Level Annotations

Branches:
Dungeon (2/15)

Altars:


Message History

The ball python closely misses you. The ball python grabs you.
The ball python constricts you.
You barely miss the ball python. The ball python misses you.
The ball python constricts you.
You closely miss the ball python.
The ball python bites you but does no damage.
The ball python constricts you.
* * * LOW HITPOINT WARNING * * *
The ball python bites you.
* * * LOW HITPOINT WARNING * * *
The ball python constricts you.
You hit the ball python. You burn the ball python.
You kill the ball python!
Found an escape hatch in the floor.
You see here a +0 pair of gloves.
c - a +0 pair of gloves You start putting on your armour.
You continue putting on your +0 pair of gloves. x4
You finish putting on your +0 pair of gloves.
You see here a +0 dagger.
d - a +0 dagger A ball python comes into view.
A quokka comes into view.
The ball python hisses angrily.
Found a scroll labelled WIUVON SAUBRUQU.
Found a stone staircase leading down.
A frilled lizard comes into view.
Found a book of Callings.
You closely miss the ball python. You barely miss the quokka.
You hit the frilled lizard but do no damage.
The ball python closely misses you. The ball python grabs you.
The ball python constricts you.
* * * LOW HITPOINT WARNING * * *
The quokka bites you.
* * * LOW HITPOINT WARNING * * *
The frilled lizard bites you but does no damage.
The ball python bites you.
* * * LOW HITPOINT WARNING * * *
The ball python constricts you.
You die...

#.####....# #
#......... .#
#........#..#
#...?....#..#
.#...........##
..........^.....
.......l...:.#..
.......@S.##....
........r.......
..............>....
...........##.##...#
>.............#
#...#
.........######
#...## .........#
#...## .........#
#...# .........####
#...


You could see a quokka, a ball python and a frilled lizard.

Vanquished Creatures
  A ball python (D:1)
  A hobgoblin (D:2)
  A quokka (D:2)
  A kobold (D:1)
4 creatures vanquished.

Notes
Turn   | Place    | Note
-------+----------+-------------------------------------------
     0 | D:1      | PhineusFerb the Human Cinder Acolyte began the quest for
                  | the Orb.
     0 | D:1      | Reached XP level 1. HP: 18/18 MP: 2/2
  1347 | D:1      | Constricted to death by a ball python

Illustrated notes

Levels and vault maps discovered:
D:1:      elethiomel_arrival_shortcut, layout_basic, basic_ecumenical_altar,
          hangedman_abyss_or_decor_lesser_grid, minmay_unequal
D:2:      layout_loops_ring, serial_shops, nicolae_shop_statue_plus,
          minmay_circled_x

Action                   || total
-------------------------++-------
Melee: Hand axe          ||    20
  Use: Potion            ||     1
Armor: Robe              ||     4
Dodge: Dodged            ||    14
